 Dungeon Crawl Stone Soup version 0.31.0 (webtiles) character file.

Game seed: 4152237864674495468

395 12345 the Trooper (level 6, 0/57 HPs)
             Began as a Hill Orc Fighter on Jan 19, 2024.
             Slain by a sky beast (6 damage)
             ... on level 3 of the Dungeon.
             The game lasted 00:09:08 (2719 turns).

12345 the Trooper (Hill Orc Fighter)                Turns: 2719, Time: 00:09:09

Health: 0/57       AC:  9    Str: 21    XL:     6   Next: 82%
Magic:  6/6        EV:  8    Int:  8    God:
Gold:   208        SH:  4    Dex: 10    Spells: 5/5 levels left

rFire   + . .        a - +0 war axe
rCold   . . .        c - +0 buckler
rNeg    . . .        m - +0 chain mail
rPois   .            (no helmet)
rElec   .            (no cloak)
rCorr   .            (no gloves)
SInv    .            (no boots)
Will    +....        (no amulet) Stlth
                     j - ring of willpower
HPRegen 0.29/turn    p - ring of protection from fire
MPRegen 0.10/turn

%: no passive effects
@: no status effects
A: no striking features
a: no special abilities


You were on level 3 of the Dungeon.
You visited 1 branch of the dungeon, and saw 4 of its levels.

You collected 208 gold pieces.

Inventory:

Hand Weapons
 a - a +0 war axe (weapon)
 r - a +0 battleaxe
 u - a +2 flail of draining
Missiles
 k - 5 boomerangs
 n - 6 poisoned darts
 t - 2 silver javelins (quivered)
Armour
 c - a +0 buckler (worn)
 m - a +0 chain mail (worn)
Jewellery
 j - a ring of willpower (left hand)
 p - a ring of protection from fire (right hand)
 y - a ring of flight
Wands
 o - a wand of polymorph (7)
 q - a wand of charming (6)
 A - a wand of flame (4)
Scrolls
 b - a scroll of noise {unknown}
 f - a scroll of brand weapon {unknown}
 g - a scroll of identify
 h - 2 scrolls of fog {unknown}
 l - a scroll of enchant armour {unknown}
 s - a scroll of revelation {unknown}
 v - a scroll of enchant weapon {unknown}
 w - a scroll of poison {unknown}
 B - a scroll of teleportation {unknown}
Potions
 d - 2 potions of might
 e - a potion of brilliance
 i - 2 potions of heal wounds
 x - a potion of degeneration {unknown}
 z - a potion of cancellation {unknown}


   Skills:
 * Level 5.9 Fighting
 * Level 5.9 Axes
 + Level 3.5 Armour
 + Level 1.9 Dodging
 - Level 4.0 Shields
 + Level 0.6 Evocations


You had 5 spell levels left.
You didn't know any spells.
Your spell library contained the following spells:

 Spells                   Type           Power      Damage    Failure   Level
 Freeze                   Ice            0%         1d3       98%         1
 Frozen Ramparts          Ice            0%         1d1       100%        3
 Hailstorm                Conj/Ice       0%         3d5       100%        3


Dungeon Overview and Level Annotations

Branches:
Dungeon (4/15)
 Temple: D:4-7

Altars:
Okawaru
Qazlal

Annotations:
D:4 exclusion: oklob sapling


Message History

The sky beast barely misses you.
The sky beast attacks as it pursues you!
The sky beast closely misses you.
You see here a silver javelin.
The sky beast attacks as it pursues you!
The sky beast closely misses you.
You see here a +0 club.
There is a stone staircase leading up here.
The sky beast hits you. The sky beast shocks you.
You climb upwards.
There is a stone staircase leading down here.
The sky beast hits you. The sky beast shocks you.
The sky beast attacks as it pursues you!
The sky beast hits you. The sky beast shocks you.
The sky beast attacks as it pursues you!
The sky beast hits you. The sky beast shocks you.
The sky beast attacks as it pursues you!
The sky beast hits you. The sky beast shocks you.
The sky beast flickers out of sight!
Deactivating autopickup; reactivate with Ctrl-A.
Something hits you. Something shocks you.
A sky beast appears from thin air!
Reactivating autopickup.
The sky beast attacks as it pursues you!
The sky beast hits you.
* * * LOW HITPOINT WARNING * * *
The sky beast shocks you.
* * * LOW HITPOINT WARNING * * *
The sky beast flickers out of sight!
Deactivating autopickup; reactivate with Ctrl-A.
Something completely misses you. Something hits you.
* * * LOW HITPOINT WARNING * * *
Something shocks you.
* * * LOW HITPOINT WARNING * * *
Something hits you but does no damage. Something hits you.
* * * LOW HITPOINT WARNING * * *
Something shocks you.
You die...

..).....# #.#
######..# #.# #..#
#.## #..# #..# #..#
##.# #..# #.# #..#
#.#
######..#########.#
...[............@.#
##......########..#
#.##.### #..#
#.##.# #..# #.##.#
######..# #.##.#
#.......# #.##.#
#.#####.# ##.##.#
#.# #.# ...##.# #.#
#.#


There were no monsters in sight!

Vanquished Creatures
  An ogre (D:4)
  A jelly (D:4)
  An orc priest (D:3)
  Jessica (D:3)
  Natasha (thrice) (D:2)
  3 gnolls (D:3)
  4 adders
  A ribbon worm (D:4)
  3 dart slugs
  7 orcs
  4 bats
  6 endoplasms
  2 giant cockroaches
  9 hobgoblins
  5 jackals (D:1)
  3 kobolds
  A quokka (D:4)
  8 ball pythons
  5 frilled lizards
  7 goblins
  4 rats
79 creatures vanquished.

Notes
Turn   | Place    | Note
-------+----------+-------------------------------------------
     0 | D:1      | 12345 the Hill Orc Fighter began the quest for the Orb.
     0 | D:1      | Reached XP level 1. HP: 19/19 MP: 1/1
    71 | D:1      | Reached XP level 2. HP: 23/27 MP: 2/2
   291 | D:1      | Reached XP level 3. HP: 27/33 MP: 3/3
   882 | D:2      | Noticed Natasha
   907 | D:2      | Killed Natasha
   908 | D:2      | Reached skill level 1 in Dodging
   908 | D:2      | Reached XP level 4. HP: 23/41 MP: 4/4
   938 | D:2      | Noticed Natasha
   956 | D:2      | Killed Natasha
  1009 | D:2      | Noticed Natasha
  1014 | D:2      | Killed Natasha
  1015 | D:2      | Reached XP level 5. HP: 42/47 MP: 5/5
  1072 | D:3      | Reached skill level 5 in Fighting
  1175 | D:3      | Noticed Jessica
  1182 | D:3      | Killed Jessica
  1234 | D:3      | Reached skill level 5 in Axes
  1259 | D:3      | Reached XP level 6. HP: 26/56 MP: 6/6
  1430 | D:3      | Found a stormy altar of Qazlal.
  1554 | D:3      | Identified the +2 leather armour "Masiho" {+Inv rF+}
  1905 | D:4      | Found an iron altar of Okawaru.
  2023 | D:4      | Noticed a sky beast
  2719 | D:3      | Slain by a sky beast

Illustrated notes

Levels and vault maps discovered:
D:1:      spicycebolla_green_bress_n_ham_2, layout_loops_ring
D:2:      layout_rooms, kennysheep_cross_room, uniq_natasha
D:3:      layout_loops_ring, old_standard_altar, uniq_jessica
D:4:      layout_basic, mainiacjoe_overflow_boulevard, minmay_temple_entry_oklob

Skill      XL: |  1  2  3  4  5 |
---------------+----------------+-----
Axes           | 3 4 5 |  5.9
Fighting       | 4 5 |  5.9
Dodging        | 1 |  1.9
Shields        | 4 |  4.0
Armour         | |  3.5
Evocations     | |  0.6

Action                     |  1- 3 |  4- 6 || total
---------------------------+-------+-------++-------
  Melee: War axe           |    91 |    99 ||   190
         Unarmed           |       |     4 ||     4
  Throw: Boomerang         |       |     4 ||     4
         Javelin           |       |     2 ||     2
    Use: Scroll            |       |     2 ||     2
 Armour: Scale mail        |    53 |       ||    53
         Chain mail        |    11 |    87 ||    98
  Dodge: Dodged            |    40 |    49 ||    89
  Block: Buckler           |    23 |    15 ||    38
